 Dungeon Crawl Stone Soup version 0.22-a0-305-gd21a89c (webtiles) character file.

387 Deathtrap2010 the Ducker (level 6, -1/52 HPs)
             Began as a Hill Orc Fighter on Mar 31, 2018.
             Slain by Crazy Yiuf
             ... wielding a +4 quarterstaff of chaos
              (7 damage)
             ... on level 3 of the Dungeon.
             The game lasted 00:09:26 (1836 turns).

Deathtrap2010 the Ducker (Hill Orc Fighter)         Turns: 1836, Time: 00:09:27

Health: -1/52      AC: 12    Str: 21    XL:     6   Next: 78%
Magic:  4/6        EV:  3    Int:  8    God:
Gold:   164        SH:  7    Dex: 10    Spells: 5/5 levels left

rFire    . . .     SeeInvis .   a - +2 war axe
rCold    . . .     Gourm    .   c - +0 shield
rNeg     . . .     Faith    .   h - +1 plate armour
rPois    +         Spirit   .   e - +0 helmet
rElec    .         Reflect  .   (no cloak)
rCorr    .         Harm     .   (no gloves)
MR       .....                  (no boots)
Stlth    ..........             (no amulet)
HPRegen  0.17/turn              j - ring of poison resistance
MPRegen  0.10/turn              (no ring)

@: lethally poisoned (-1 -> -9), very heavily drained
A: no striking features
a: no special abilities


You were on level 3 of the Dungeon.
You were not hungry.

You visited 1 branch of the dungeon, and saw 4 of its levels.

You collected 164 gold pieces.

Inventory:

Hand Weapons
 a - a +2 war axe (weapon)
Armour
 c - a +0 shield (worn)
 e - a +0 helmet (worn)
 h - a +1 plate armour (worn)
Jewellery
 j - a ring of poison resistance (left hand)
Scrolls
 b - a scroll of teleportation
 i - a scroll of identify
Comestibles
 f - 5 rations


   Skills:
 * Level 3.8(0.5) Fighting
 * Level 3.6(0.3) Axes
 * Level 3.4(0.2) Armour
 - Level 5.0(1.6) Dodging
 * Level 3.5(0.2) Shields


You had 5 spell levels left.
You didn't know any spells.

Dungeon Overview and Level Annotations

Branches:
Dungeon (4/15)
 Temple: D:4-7

Altars:

Annotations:
D:3 Crazy Yiuf


Message History

Crazy Yiuf hits you with a quarterstaff of chaos!
You feel your power leaking away.
You closely miss Crazy Yiuf.
Crazy Yiuf is severely wounded.
You feel sick.
Crazy Yiuf hits you with a quarterstaff of chaos!
* * * LOW HITPOINT WARNING * * *
You block Crazy Yiuf's attack.
Your shield and plate armour prevent you from hitting Crazy Yiuf.
Crazy Yiuf is severely wounded.
You feel yourself speed up.
* * * LOW HITPOINT WARNING * * *
You feel very sick.
Crazy Yiuf hits you with a quarterstaff of chaos.
* * * LOW HITPOINT WARNING * * *
Crazy Yiuf burns you.
* * * LOW HITPOINT WARNING * * *
Crazy Yiuf says, "Aardvark mobile hand!"
Crazy Yiuf hits you with a quarterstaff of chaos!
You die...

#############
#.....# #...##.
#.....# #.#.#>.
#.....# #.####.
####### #.#*##8
#.# *# #.# ####*
♣♣###.# #)..#♣♣
♣♣.....#
#..g@.♣♣♣♣......#
#.).#♣.)♣......##
####*♣♣♣.♣....##
♣♣♣♣♣###


You could see Crazy Yiuf.

Vanquished Creatures
  Sigmund (D:3)
  Terence (D:3)
  3 orc wizards (D:3)
  Natasha (D:4)
  4 adders
  An adder zombie (D:1)
  An ooze (D:1)
  A worm (D:2)
  2 leopard geckos
  8 orcs (D:3)
  3 bats (D:3)
  5 giant cockroaches
  13 goblins
  8 hobgoblins
  8 jackals
  8 kobolds
  4 frilled lizards
  A leopard gecko zombie (D:1)
  4 rats
77 creatures vanquished.

Notes
Turn   | Place    | Note
-------+----------+-------------------------------------------
     0 | D:1      | Deathtrap2010 the Hill Orc Fighter began the quest for the Orb.
     0 | D:1      | Reached XP level 1. HP: 19/19 MP: 1/1
    25 | D:1      | Reached skill level 1 in Dodging
   194 | D:1      | Reached XP level 2. HP: 21/26 MP: 2/2
   645 | D:1      | Reached skill level 2 in Dodging
   679 | D:1      | Reached XP level 3. HP: 31/31 MP: 3/3
  1041 | D:2      | Reached XP level 4. HP: 30/39 MP: 4/4
  1103 | D:2      | Reached skill level 3 in Dodging
  1433 | D:3      | Noticed Sigmund
  1437 | D:3      | Noticed Natasha
  1500 | D:4      | Killed Natasha
  1500 | D:4      | Reached XP level 5. HP: 31/45 MP: 5/5
  1504 | D:3      | Killed Sigmund
  1504 | D:3      | Reached skill level 4 in Dodging
  1504 | D:3      | Reached XP level 6. HP: 28/51 MP: 6/6
  1541 | D:3      | Noticed Terence
  1552 | D:3      | Reached skill level 5 in Dodging
  1556 | D:3      | Killed Terence
  1824 | D:3      | Found a runed door.
  1828 | D:3      | Noticed Crazy Yiuf
  1836 | D:3      | Slain by Crazy Yiuf

Vault maps used:
D:1:      saegor_arrival_fortress, minmay_misc_feat_four_crosses,
          grunt_decor_arrowhead, serial_park_tiny_2
D:2:      first_ration
D:3:      nicolae_overflow_hidden_temple, uniq_crazy_yiuf_cottage, uniq_terence,
          uniq_sigmund, uniq_natasha
D:4:      old_standard_altar, grunt_ministairs_7, uniq_ijyb

Skill      XL: |  1  2  3  4  5  6 |
---------------+-------------------+-----
Dodging        | 1 2 3 4 5 |  5.0
Axes           | 3 |  3.6
Fighting       | |  3.8
Armour         | |  3.4
Shields        | |  3.5

Action                   |  1- 3 |  4- 6 || total
-------------------------+-------+-------++-------
Melee: War axe           |    74 |   107 ||   181
  Use: Scroll            |     6 |     8 ||    14
       Potion            |     2 |     7 ||     9
  Eat: Ration            |     1 |       ||     1
Armor: Scale mail        |    19 |       ||    19
       Chain mail        |    25 |    36 ||    61
       Plate armour      |       |    82 ||    82
Dodge: Dodged            |    19 |    36 ||    55
Block: Shield            |    56 |    81 ||   137

Table legend:
 A = Spawn XP
 B = Non-spawn XP
 C = Spawn XP percentage of total XP
 D = Spawn monster count
 E = Non-spawn monster count
 F = Spawn count percentage of total count
 G = Total turns spent on level
                    A         B        C        D         E        F      G
               +---------+---------+-------+---------+---------+-------+---------
         Total |       0 |     553 |   0.0 |       0 |      77 |   0.0 |  1836
               +---------+---------+-------+---------+---------+-------+---------
           D:1 |       0 |      46 |   0.0 |       0 |      20 |   0.0 |   890
           D:2 |       0 |      72 |   0.0 |       0 |      21 |   0.0 |   511
           D:3 |       0 |     398 |   0.0 |       0 |      34 |   0.0 |   400
           D:4 |       0 |      37 |   0.0 |       0 |       2 |   0.0 |    35
               +---------+---------+-------+---------+---------+-------+---------
